Map: Dusk Towers

Players

Generic

  • Race: Zerg Zerg
  • League: Diamond

LilDicky - Winner!

  • Race: Terran Terran
  • League: Diamond

VOD

http://www.twitch.tv/tumescentpie

Description

Time

  • Played on: Nov. 23, 2015, 2:30 p.m.
  • Length: 8:01
Show
View Real Time Build Order
Export as new Build Order

Generic Zerg 

Build Orders: Hatch First 

Get SALT Encoding   

  12  0:01  Drone  
  13  0:09  Drone  
  14  0:17  Overlord  
  14  0:24  Drone, Extractor  
  16  0:35  Drone x2  
  16  0:45  Drone  
  17  0:55  Drone  
  18  1:07  Hatchery  
  18  1:10  Drone  
  18  1:25  Spawning Pool  
  18  1:27  Drone  
  18  1:32  Drone  
  19  1:38  Overlord  
  19  1:49  Drone  
  20  2:02  Drone  
  21  2:13  Metabolic Boost, Drone  
  22  2:19  Queen x2  
  22  2:20  Drone  
  27  2:27  Zergling x2  
  28  2:45  Spore Crawler  
  28  2:49  Spore Crawler  
  27  2:54  Queen  
  27  2:55  Drone  
  27  2:56  Drone x5  
  35  3:15  Overlord  
  35  3:33  Queen x2  
  39  3:38  Drone x4  
  43  3:51  Overlord x2  
  43  3:59  Drone  
  43  4:00  Drone, Extractor, Roach Warren  
  40  4:05  Hatchery  
  38  4:25  Zergling x16  
  46  4:34  Drone  
  46  4:35  Drone  
  47  4:59  Zergling x14  
  53  5:03  Lair  
  51  5:26  Drone  
  51  5:27  Drone x7  
  55  5:38  Drone x5  
  55  5:40  Queen  
  62  5:49  Queen  
  62  5:53  Extractor  
  58  6:01  Zergling x2  
  58  6:02  Zergling x14  
  61  6:14  Glial Reconstitution  
  61  6:15  Spire  
  54  6:50  Roach  
  54  6:51  Overlord, Roach x2  
  54  6:52  Overlord x2  
  60  6:55  Overseer  
  59  7:10  Roach  
  59  7:13  Ravager x3  
  64  7:28  Hatchery  
  63  7:31  Nydus Network  
Show
View Real Time Build Order
Export as new Build Order

LilDicky Terran - Winner!

Build Orders:  

Get SALT Encoding   

  12  0:01  SCV  
  13  0:13  SCV  
  14  0:17  Supply Depot  
  14  0:25  SCV  
  15  0:28  Refinery  
  15  0:39  SCV  
  16  0:46  Barracks  
  16  0:51  SCV  
  17  1:03  SCV  
  18  1:15  SCV  
  19  1:27  SCV  
  20  1:33  Reaper  
  21  1:40  Orbital Command  
  21  1:48  Command Center  
  21  1:59  Supply Depot  
  21  2:01  Refinery  
  21  2:05  Reaper  
  22  2:11  SCV  
  23  2:22  Factory  
  23  2:23  SCV  
  24  2:35  SCV  
  25  2:44  Barracks Reactor  
  25  3:09  SCV  
  25  3:12  Orbital Command  
  26  3:18  Starport  
  26  3:42  SCV x2  
  26  3:44  Hellion x2  
  26  3:46  Barracks Reactor  
  32  4:14  Hellion x2  
  36  4:18  Liberator x2  
  36  4:21  Starport Tech Lab  
  36  4:34  Barracks Tech Lab  
  36  4:37  Hellion x2  
  36  4:38  Barracks x3  
  46  4:49  Supply Depot  
  46  4:51  Supply Depot, SCV x2  
  46  5:05  Marine  
  46  5:06  Hellion x2, Stimpack  
  51  5:08  Liberator  
  51  5:09  SCV x2  
  51  5:23  Marine  
  51  5:27  Hellion x2  
  59  5:51  Hellion x2  
  57  6:04  Marine x2  
  57  6:05  Marine  
  57  6:06  Marine  
  57  6:10  Supply Depot  
  61  6:22  Marine  
  61  6:24  Marauder  
  62  6:28  Marine x2  
  62  6:38  Hellion x2  
  62  6:39  Marine  
  66  6:44  SCV x2  
  66  6:45  Starport, Barracks, Marauder  
  66  6:46  Marine x2  
  73  6:49  Barracks  
  73  6:57  Marine  
  73  7:00  Hellion x2  
  78  7:03  Marine  
  78  7:04  Marine  
  78  7:07  Marauder  
  78  7:23  Starport Tech Lab  
  78  7:33  Marine x2  
  78  7:39  SCV x2  
Tags
 
Add a new tag
Caveats
  • Supply blocks, unpowered buildings, or Contaminate may cause inaccurate times.
  • Supply counts are checked every 10 seconds.